 Dungeon Crawl Stone Soup version 0.30-a0-937-ga0a21ad780 (webtiles) character file.

Game seed: 2964324556000604712

91 voltaire321 the Sneak (level 4, -1/25 HPs)
             Began as a Kobold Enchanter on Mar 25, 2023.
             Slain by a gnoll
             ... wielding a +1 flail of holy wrath
              (6 damage)
             ... on level 2 of the Dungeon.
             The game lasted 00:03:32 (1672 turns).

voltaire321 the Sneak (Kobold Enchanter)            Turns: 1672, Time: 00:03:33

Health: -1/25      AC:  2    Str:  7    XL:     4   Next: 87%
Magic:  2/8        EV: 15    Int: 16    God:
Gold:   111        SH:  0    Dex: 15    Spells: 6/8 levels left

rFire   . . .      SeeInvis .    a - +1 dagger
rCold   . . .      Faith    .    (no shield)
rNeg    . . .      Spirit   .    b - +0 robe
rPois   .          Reflect  .    (no helmet)
rElec   .          Rampage  .    (no cloak)
rCorr   .                        (no gloves)
Will    .....                    (no boots)
Stlth   ++++                     (no amulet)
HPRegen 0.24/turn                (no ring)
MPRegen 0.11/turn                (no ring)

@: invisible
A: small, no large weapons, nightstalker 3
a: no special abilities


You were on level 2 of the Dungeon.
You visited 1 branch of the dungeon, and saw 2 of its levels.

You collected 111 gold pieces.

Inventory:

Hand Weapons
 a - a +1 dagger (weapon)
Armour
 b - a +0 robe (worn)
Jewellery
 i - a ring of positive energy
Scrolls
 d - a scroll of enchant armour {unknown}
 f - a scroll of teleportation {unknown}
 h - 3 scrolls of blinking {unknown}
 j - a scroll of vulnerability {unknown}
Potions
 c - a potion of invisibility
 e - 2 potions of attraction {unknown}
 g - a potion of flight {unknown}
 k - a potion of curing {unknown}


   Skills:
 + Level 1.5 Fighting
 + Level 2.3 Short Blades
 + Level 3.0 Dodging
 + Level 4.4 Stealth
 + Level 2.7 Spellcasting
 + Level 3.3 Hexes
 + Level 1.2 Ice Magic


You had 6 spell levels left.
You knew the following spells:

 Your Spells              Type           Power      Damage    Failure   Level
a - Ensorcelled Hibernat  Hex/Ice        18%        N/A       12%         2

Your spell library contained the following spells:

 Spells                   Type           Power      Damage    Failure   Level
 Confusing Touch          Hex            13%        N/A       14%         3
 Tukima's Dance           Hex            13%        N/A       14%         3
 Dazzling Flash           Conj/Hex       14%        N/A       28%         3


Dungeon Overview and Level Annotations

Branches:
Dungeon (2/15)

Altars:


Innate Abilities, Weirdness & Mutations

You are small and have problems with some larger weapons.
You are completely attuned to the shadows.


Message History

Casting: Ensorcelled Hibernation (safe; 12% risk of failure)
Confirm with . or Enter, or press ? or * to list all spells.
Aiming: Ensorcelled Hibernation (safe; 12% risk of failure)
Press: ? - help, Shift-Dir - straight line, f/p - gnoll
Aim: a gnoll, wielding a +1 flail of holy wrath (chance to affect: 51%)
The gnoll resists with significant effort.
The gnoll barely misses you. The gnoll attacks as you move away!
The gnoll hits you with a +1 flail of holy wrath!
You hit the gnoll.
The gnoll is moderately wounded.
You completely miss the gnoll.
The gnoll is moderately wounded.
The gnoll misses you.
You hit the gnoll.
The gnoll is moderately wounded.
The gnoll hits you with a +1 flail of holy wrath!
You closely miss the gnoll.
The gnoll is moderately wounded.
The gnoll hits you with a +1 flail of holy wrath.
* * * LOW HITPOINT WARNING * * *
You barely miss the gnoll.
The gnoll is moderately wounded.
The gnoll barely misses you.
Your magical contamination has completely faded away.
You hit the gnoll.
The gnoll is heavily wounded.
The gnoll barely misses you.
Casting: Ensorcelled Hibernation (safe; 12% risk of failure)
Confirm with . or Enter, or press ? or * to list all spells.
You don't have enough magic to cast this spell.
You fade into invisibility!
The gnoll barely misses you.
You hit the gnoll.
The gnoll is severely wounded.
The gnoll closely misses you.
You closely miss the gnoll.
The gnoll is severely wounded.
The gnoll hits you with a +1 flail of holy wrath.
You die...

#........##.# ##÷...........###.#
#........##.###.÷.....#.........#
#........##.##........###...#####
#.....>..#..##........# ##...# #.
##########.###.....g.## #.#.###.
# #†###......## #.......
..##.#......### ####.###
.........#.####### ###.g..
..##......@g.....####......
######.##......###........)..
#......###.....# ####........
#...<.## #.....######..#.....
#.†...# #.........[.........
#.....#######.# ...†....#...[
#........#....# #.###P###.#.#
#.....##......#..P......#...#
#.....##......#P#P#.#.#P#.#.#


You could see 2 gnolls.

Vanquished Creatures
  An adder (D:2)
  2 gnolls (D:2)
  2 dart slugs
  3 endoplasms
  A giant cockroach (D:1)
  6 goblins (D:1)
  11 hobgoblins
  2 jackals (D:1)
  2 quokkas
  3 ball pythons
  4 bats
  6 frilled lizards
  3 kobolds
  8 rats
54 creatures vanquished.

Notes
Turn   | Place    | Note
-------+----------+-------------------------------------------
     0 | D:1      | voltaire321 the Kobold Enchanter began the quest for the
                  | Orb.
     0 | D:1      | Reached XP level 1. HP: 10/10 MP: 3/3
    60 | D:1      | Reached XP level 2. HP: 16/16 MP: 5/5
    78 | D:1      | Learned a level 2 spell: Ensorcelled Hibernation
   235 | D:1      | Reached skill level 1 in Fighting
   362 | D:1      | Reached XP level 3. HP: 8/20 MP: 6/6
  1073 | D:2      | Reached XP level 4. HP: 25/25 MP: 7/7
  1144 | D:2      | Reached skill level 1 in Ice Magic
  1346 | D:2      | Found a faded altar of an unknown god.
  1672 | D:2      | Slain by a gnoll

Illustrated notes

Levels and vault maps discovered:
D:1:      matt_arrival_grand_opening, layout_basic,
          ebering_dispersal_statue_hall, hangedman_decor_clover_reticule
D:2:      layout_rooms, shapermc_ecumenical_altar_mp_urbaneastern

Skill      XL: |  1  2  3  4 |
---------------+-------------+-----
Fighting       | 1 |  1.5
Short Blades   | 2 |  2.3
Ice Magic      | 1 |  1.2
Dodging        | 3 |  3.0
Stealth        | |  4.4
Spellcasting   | |  2.7
Hexes          | |  3.3

Action                     |  1- 3 |  4- 6 || total
---------------------------+-------+-------++-------
  Melee: Dagger            |   105 |    54 ||   159
         Punch             |     1 |       ||     1
   Cast: Ensorcelled Hiber |       |     3 ||     3
    Use: Potion            |       |     1 ||     1
   Stab: Sleeping          |    17 |     9 ||    26
         Distracted        |       |     1 ||     1
 Armour: Robe              |    10 |     3 ||    13
  Dodge: Dodged            |    63 |    37 ||   100

Table legend: (Time is in decaauts)
 A = Elapsed time spent in this place.
 B = Non-inter-level travel time spent in this place.
 C = Inter-level travel time spent in this place.
 D = Time resting spent in this place.
 E = Time spent auto-exploring this place.
 F = Levels seen in this place.
 G = Mean time per level.
                   A        B        C        D        E       F      G
               +--------+--------+--------+--------+--------+-----+--------+
         Total |   1656 |   1607 |     49 |      0 |   1210 |   2 |  828.0 |
       Dungeon |   1656 |   1607 |     49 |      0 |   1210 |   2 |  828.0 |
               +--------+--------+--------+--------+--------+-----+--------+

Top non-repeatable levels by time:
     D:1: 955 daAuts
     D:2: 700 daAuts
